 Dungeon Crawl Stone Soup version 0.13-a0-1585-g6f4f798 (webtiles) character file.

19875 Koal the Brawler (level 12, -2/96 HPs)
             Began as a Troll Conjurer on June 12, 2013.
             Was a High Priest of Vehumet.
             Killed from afar by a fire drake (24 damage)
             ... with a blast of flame
             ... on Level 4 of the Lair of Beasts.
             The game lasted 02:22:50 (19281 turns).

Koal the Brawler (Troll Conjurer)                  Turns: 19281, Time: 02:22:51

HP  -2/96        AC  9     Str 19      XL: 12   Next: 28%
MP  13/19        EV 12     Int 15      God: Vehumet [*****.]
Gold 715         SH 20     Dex 10      Spells:  5 memorised,  5 levels left

Res.Fire  : . . .   See Invis. : .     - Unarmed
Res.Cold  : . . .   Warding    : .   a - +0 robe
Life Prot.: . . .   Conserve   : .   m - +2 shield
Res.Poison: +       Res.Corr.  : .   N - +2 wizard hat
Res.Elec. : .       Clarity    : .   z - +1 cloak
Sust.Abil.: . .     Spirit.Shd : .   (gloves unavailable)
Res.Mut.  : .       Stasis     : .   (boots unavailable)
Res.Rott. : .       Flight     : .   (no amulet)
Gourmand  : +                        p - ring of poison resistance
                                     j - +4 ring of evasion

@: somewhat resistant to hostile enchantments, unstealthy
A: unfitting armour, claws 3, fast metabolism 3, gourmand, regeneration 2,
saprovore 2, tough skin 2, AC +1
a: Renounce Religion


You were on level 4 of the Lair of Beasts.
You worshipped Vehumet.
Vehumet was exalted by your worship.
You were very full.

You visited 3 branches of the dungeon, and saw 16 of its levels.
You also visited: Labyrinth.

You collected 831 gold pieces.
You spent 136 gold pieces at shops.

Inventory:

Hand weapons
 b - a +6 blowgun
Missiles
 C - 3 javelins
 J - 8 needles of frenzy
 K - 29 poisoned needles
 X - 3 large rocks (quivered)
Armour
 a - a +0 robe (worn)
 m - a +2 shield (worn)
 z - a +1 cloak (worn)
 N - a +2 wizard hat (worn)
Magical devices
 r - a wand of fire (0)
 B - a wand of polymorph (18)
 H - a wand of lightning (5)
 P - a wand of cold (8) {unknown}
 U - a wand of confusion (4) {unknown}
Comestibles
 g - a chunk of green rat flesh
 k - 2 rotting chunks of giant frog flesh
 l - a chunk of naga flesh
 o - 10 strawberries
 v - 9 cheeses
Jewellery
 h - an uncursed ring of protection from fire
 j - a +4 ring of evasion (left claw)
 p - a ring of poison resistance (right claw)
 s - an uncursed ring of see invisible
 u - a +6 ring of strength
 O - an uncursed ring of wizardry
Potions
 d - a potion of heal wounds
 e - a potion of curing
 f - a potion of strong poison {unknown}
 t - 3 potions of agility
 w - a potion of might
 A - a potion of porridge
Rods
 q - a +2 rod of the swarm (14/14)
   (You found it in a labyrinth)


   Skills:
 - Level 1.5 Dodging
 - Level 1.1 Stealth
 + Level 4.4 Shields
 - Level 2.8 Traps
 - Level 15.0 Unarmed Combat
 - Level 4.4 Spellcasting
 - Level 10.3 Conjurations
   Level 3.3 Charms


You had 5 spell levels left.
You knew the following spells:

 Your Spells              Type           Power        Failure   Level  Hunger
a - Magic Dart            Conj           ####         1%          1    None
b - Dazzling Spray        Conj/Hex       ###.....     4%          3    ###....
c - Iskenderun's Mystic   Conj           ####....     1%          4    ####...
d - Conjure Flame         Conj/Fire      ###.....     4%          3    ###....
e - Stone Arrow           Conj/Erth      ###...       4%          3    ###....


Dungeon Overview and Level Annotations

Branches:
Dungeon (11/27)            Temple (1/1) D:6             Orc (0/4) D:9
   Lair (4/8) D:11          Snake (0/5) Lair:4
  Swamp: Lair:3-6    Shoals: Lair:3-6    Spider: Lair:3-6

Altars:
Ashenzari
Elyvilon
Makhleb
Nemelex Xobeh
Sif Muna
Trog
Vehumet
Xom
Zin
the Shining One

Shops:
D:6: *

Annotations
Lair:2 exclusion: 2 oklob plants


Innate Abilities, Weirdness & Mutations

You are too large for most types of armour.
You have claws for hands.
Your metabolism is lightning-fast.
You like to eat raw meat.
You heal very quickly.
You can eat rotten meat.
You are covered in fur (AC +1).
You have very tough skin (AC +2).


Message History

The spray of energy misses the fire drake.
The fire drake completely misses you.
Casting: Dazzling Spray
Confirm with . or Enter, or press ? or * to list all spells.
Aiming: Dazzling Spray
Press: ? - help, Shift-Dir - straight line, f/p - fire drake
Aim: a fire drake (severely wounded, bleeding)
The spray of energy hits the fire drake.
The fire drake is almost dead.
Throwing (i - inventory. (,) - cycle):
X - 4 large rocks (quivered)
Press: ? - help, Shift-Dir - straight line, f/p - fire drake
Aim: a fire drake (almost dead, bleeding, retreating)
You throw a large rock. The large rock misses the fire drake.
The fire drake turns to fight!
The fire drake breathes fire at you. The blast of flame hits you!
* * * LOW HITPOINT WARNING * * *
The fire drake breathes fire at you. The blast of flame hits you!
You die...

...# #≈≈.≈.# ...#
#≈...# ...# #§§.# ...#
##§§.# ...# ## ##≈..(#
...# #§≈#≈≈...# ...#
#≈≈.l..#
...##############....#
................@....#
....(.################
......# ......##
.......# ...?..##
......## ......f#
.....?.#


You could see a fire drake (bleeding).

Vanquished Creatures
  A minotaur (Lab)
  Erica (D:11)
  Harold (Lair:3)
  Josephine (D:10)
  3 hill giants
  A cyclops (D:11)
  A black mamba (Lair:3)
  3 spiny frogs
  2 komodo dragons (Lair:2)
  Grinder (D:5)
  A troll (D:11)
  3 blink frogs (Lair:1)
  A two-headed ogre (D:11)
  A queen bee (Lair:3)
  3 wyverns
  A shadow (D:10)
  20 yaks
  4 wraiths
  2 hungry ghosts
  7 hippogriffs
  A necrophage (D:6)
  Edmund (D:5)
  A manticore (D:8)
  2 phantoms
  An ice beast (D:6)
  9 orc warriors
  4 sky beasts
  4 ogres
  3 centaurs
  4 nagas (Lair:4)
  A warg (Lair:2)
  A yak skeleton (D:9)
  Duvessa (D:9)
  3 giant slugs
  8 crocodiles
  5 water moccasins
  A big kobold (D:10)
  5 agate snails
  16 giant frogs
  A centaur skeleton (D:9)
  3 wights (D:11)
  31 killer bees
  A quasit (D:10)
  6 crimson imps
  A mottled dragon zombie (D:10)
  3 goliath beetles
  Dowan (D:9)
  2 big kobold skeletons (D:10)
  An ogre skeleton (D:6)
  10 hounds
  Crazy Yiuf (D:2)
  3 scorpions
  A hound skeleton (D:10)
  8 iguanas
  8 orc priests
  5 orc wizards
  9 worker ants
  7 porcupines
  6 orange rats
  A hound simulacrum (D:10)
  10 sheep
  7 jellies
  A worker ant simulacrum (D:10)
  2 scorpion zombies (D:6)
  15 adders
  An inept feature mimic (D:4)
  5 giant centipedes
  29 green rats
  2 worms
  5 grey rats
  A bat skeleton (D:3)
  2 giant eyeballs
  8 giant geckos
  An ooze (D:1)
  36 orcs
  3 ball pythons (D:3)
  28 bats
  8 giant cockroaches
  17 hobgoblins
  17 kobolds
  10 quokkas
  5 giant newts
  3 giant spores
  17 goblins
  A hobgoblin skeleton (D:5)
  3 jackals
  A jackal skeleton (D:5)
  A kobold skeleton (D:10)
  An orc skeleton (D:10)
  2 orc zombies (D:10)
  26 rats
  10 ballistomycetes
  3 fungi
519 creatures vanquished.

Vanquished Creatures (collateral kills)
  Gastronok (Lair:3)
1 creature vanquished.

Vanquished Creatures (others)
  A vampire mosquito (Lair:3)
  A porcupine (Lair:4)
  2 orcs
  A jackal (Lair:3)
  4 kobolds
  A giant cockroach (D:1)
  A giant spore (D:6)
  4 fungi (D:11)
15 creatures vanquished.

Grand Total: 535 creatures vanquished

Notes
Turn   | Place    | Note
--------------------------------------------------------------
     0 | D:1      | Koal, the Troll Conjurer, began the quest for the Orb.
     0 | D:1      | Reached XP level 1. HP: 16/16 MP: 3/3
    97 | D:1      | Reached skill level 1 in Unarmed Combat
   161 | D:1      | Reached XP level 2. HP: 19/24 MP: 3/3
   648 | D:1      | Reached XP level 3. HP: 31/31 MP: 4/4
   653 | D:1      | Learned a level 3 spell: Dazzling Spray
  1008 | D:2      | Reached skill level 3 in Unarmed Combat
  1556 | D:2      | Noticed Crazy Yiuf
  1620 | D:3      | Reached XP level 4. HP: 39/39 MP: 5/5
  1646 | D:3      | Reached skill level 4 in Unarmed Combat
  2191 | D:3      | Reached XP level 5. HP: 43/45 MP: 2/5
  2456 | D:2      | Paralysed by Crazy Yiuf for 7 turns
  2473 | D:2      | Killed Crazy Yiuf
  2473 | D:2      | Reached skill level 5 in Unarmed Combat
  2770 | D:4      | Reached XP level 6. HP: 40/53 MP: 1/6
  3017 | D:4      | Noticed a hippogriff
  3029 | D:4      | Killed a hippogriff
  3201 | D:4      | Noticed an ogre
  3223 | D:4      | Killed an ogre
  3359 | D:4      | Reached XP level 7. HP: 59/59 MP: 6/6
  3581 | D:5      | Entered Level 5 of the Dungeon
  3603 | D:5      | Noticed Edmund
  3613 | D:5      | Reached XP level 6. HP: 49/53 MP: 1/6
  3617 | D:5      | Killed Edmund
  3617 | D:5      | Reached XP level 7. HP: 47/59 MP: 2/6
  3938 | D:5      | Reached skill level 5 in Conjurations
  4057 | D:5      | Noticed Grinder
  4057 | D:5      | Paralysed by Grinder for 4 turns
  4104 | D:5      | Paralysed by Grinder for 2 turns
  4112 | D:5      | Killed Grinder
  4112 | D:5      | Reached skill level 6 in Unarmed Combat
  4680 | D:6      | Reached XP level 8. HP: 21/67 MP: 8/8
  4775 | D:6      | Learned a level 4 spell: Iskenderun's Mystic Blast
  5158 | D:6      | Found Wuxkec's General Store.
  5165 | D:6      | Bought 2 potions of might for 65 gold pieces
  5165 | D:6      | Bought a scroll of blinking for 71 gold pieces
  5447 | D:6      | Found a staircase to the Ecumenical Temple.
  5457 | Temple   | Entered the Ecumenical Temple
  5462 | Temple   | Became a worshipper of Vehumet
  6007 | D:7      | Reached skill level 7 in Unarmed Combat
  6401 | D:7      | Reached XP level 9. HP: 74/74 MP: 6/10
  6721 | D:7      | Acquired Vehumet's first power
  6721 | D:7      | Offered knowledge of Sting by Vehumet.
  6803 | D:7      | Learned a level 4 spell: Iskenderun's Battlesphere
  7004 | D:7      | Reached skill level 8 in Unarmed Combat
  7085 | D:7      | Reached skill level 1 in Charms
  7511 | D:8      | Offered knowledge of Sandblast by Vehumet.
  7960 | D:8      | Reached XP level 10. HP: 81/81 MP: 11/11
  8400 | D:9      | Reached skill level 9 in Unarmed Combat
  8719 | D:9      | Offered knowledge of Inner Flame by Vehumet.
  8961 | D:9      | Acquired Vehumet's second power
  9271 | D:9      | Found a sparkling altar of Nemelex Xobeh.
  9341 | D:9      | Noticed Duvessa
  9352 | D:9      | Noticed Dowan
  9356 | D:9      | Killed Duvessa
  9379 | D:9      | Killed Dowan
  9731 | D:8      | Offered knowledge of Conjure Flame by Vehumet.
  9738 | D:8      | Learned a level 3 spell: Conjure Flame
  9784 | D:8      | Reached skill level 10 in Unarmed Combat
 10380 | D:9      | Found a staircase to the Orcish Mines.
 10474 | D:10     | Entered Level 10 of the Dungeon
 10697 | D:10     | Reached skill level 11 in Unarmed Combat
 10952 | D:10     | Acquired Vehumet's third power
 10961 | D:10     | Noticed Josephine
 11059 | D:10     | Offered knowledge of Olgreb's Toxic Radiance by Vehumet.
 11243 | D:10     | Killed Josephine
 11243 | D:10     | Reached skill level 12 in Unarmed Combat
 11255 | D:10     | Noticed a hill giant
 11332 | D:10     | Reached XP level 11. HP: 77/88 MP: 8/11
 11353 | D:10     | Killed a hill giant
 11543 | D:10     | Reached skill level 13 in Unarmed Combat
 12010 | D:11     | Noticed Erica
 12334 | D:11     | Noticed a hill giant
 12348 | D:11     | Killed a hill giant
 12405 | D:11     | Noticed a hill giant
 12419 | D:11     | Killed a hill giant
 12539 | D:11     | Found a staircase to the Lair.
 12592 | D:11     | Noticed a hill giant
 12620 | D:11     | Reached skill level 14 in Unarmed Combat
 12996 | D:11     | Killed Erica
 13291 | D:11     | Offered knowledge of Conjure Ball Lightning by Vehumet.
 14016 | Lair:1   | Entered Level 1 of the Lair of Beasts
 15361 | Lair:1   | Reached skill level 15 in Unarmed Combat
 15768 | Lair:2   | Found a glowing silver altar of Zin.
 15788 | Lair:1   | Reached XP level 12. HP: 52/96 MP: 5/17
 16133 | Lair:1   | Reached skill level 1 in Traps
 16853 | Lair:3   | Found a labyrinth entrance.
 16880 | Lab      | Entered a labyrinth
 17094 | Lab      | Noticed a minotaur
 17099 | Lab      | Killed a minotaur
 17327 | Lair:1   | Identified a +4 rod of destruction [fire] (13/13) (You found it in a labyrinth)
 17328 | Lair:1   | Identified a +9 rod of destruction [lightning,fireball,iron] (10/10) (You found it in a labyrinth)
 17329 | Lair:1   | Identified a +2 rod of the swarm (14/14) (You found it in a labyrinth)
 17330 | Lair:1   | Identified a +1 rod of venom (11/11) (You found it in a labyrinth)
 17475 | Lair:3   | Reached skill level 10 in Conjurations
 17731 | Lair:3   | Noticed Harold
 17798 | Lair:3   | Killed Harold
 18083 | Lair:3   | Noticed Gastronok
 18123 | Lair:3   | Killed Gastronok
 18162 | Lair:3   | Learned a level 3 spell: Stone Arrow
 19120 | Lair:4   | Found a staircase to the Snake Pit.
 19272 | Lair:4   | HP: 4/96 [fire drake/blast of flame (22)]
 19281 | Lair:4   | Killed from afar by a fire drake

Action                   |  1- 3 |  4- 6 |  7- 9 | 10-12 || total
-------------------------+-------+-------+-------+-------++-------
Melee: Unarmed           |    79 |   102 |   360 |   879 ||  1420
 Fire: Blowgun           |       |       |    36 |    97 ||   133
Throw: Dart              |     3 |     5 |     3 |     5 ||    16
       Javelin           |       |       |    67 |    67 ||   134
       Large rock        |       |       |       |    11 ||    11
 Cast: Magic Dart        |    40 |    60 |    48 |    47 ||   195
       Dazzling Spray    |       |       |    21 |   154 ||   175
       Iskenderun's Batt |       |       |       |     3 ||     3
       Conjure Flame     |       |       |       |    13 ||    13
       Iskenderun's Myst |       |       |       |    27 ||    27
       Stone Arrow       |       |       |       |     4 ||     4
Evoke: Wand              |       |     2 |     6 |     5 ||    13
       Rod               |       |       |       |     4 ||     4
  Use: Potion            |       |     1 |       |     4 ||     5
       Scroll            |       |       |    23 |    18 ||    41
 Stab: Sleeping          |     1 |       |       |       ||     1
       Invisible         |       |       |     8 |    51 ||    59
